TOP OF THE 1ST |
Atlanta Braves batting - Pitching for Milwaukee Brewers : LHP Danny Lawson
|
Pitching: LHP Danny Lawson
|
|
Batting: RHB J.J. Powers
|
0-0: Called Strike 0-1: SINGLE (Groundball, 4M, EV 101.2 MPH) (infield hit)
|
Batting: RHB Kevin Howard
|
0-0: Ball 1-0: Called Strike 1-1: Ball J.J. Powers steals 2nd, throwing error, E2 J.J. Powers to third 2-1: Foul Ball, location: 2F 2-2: Foul Ball, location: 2F 2-2: Strikes out swinging
|
Batting: RHB David Casas
|
0-0: Ball 1-0: Ball 2-0: Ball 3-0: Base on Balls
|
Batting: RHB Ike Trout
|
0-0: Called Strike David Casas steals 2nd base 0-1: Ball 1-1: Ball 2-1: Foul Ball, location: 2F 2-2: 3-RUN HOME RUN (Flyball, 8RXD, EV 107.5 MPH), Distance : 421 ft
|
Batting: RHB Xavier Davis
|
0-0: Foul Ball, location: 2F 0-1: Ground out 6-3 (Groundball, 6, EV 88.8 MPH)
|
Batting: RHB Erik Coleman
|
0-0: Ball 1-0: Ball 2-0: Called Strike 2-1: Ball 3-1: Ground out 5-3 (Groundball, 56S, EV 76.2 MPH)
|
Top of the 1st over - 3 runs, 2 hits, 1 error, 0 left on base; Atlanta 3 - Milwaukee 0 |
BOTTOM OF THE 1ST |
Milwaukee Brewers batting - Pitching for Atlanta Braves : LHP Nolan Stefanski
|
Pitching: LHP Nolan Stefanski
|
|
Batting: RHB Akitada Nishizawa
|
0-0: Called Strike 0-1: Swinging Strike 0-2: Ball 1-2: Ball 2-2: Strikes out swinging
|
Batting: LHB Eric Klasek
|
0-0: Called Strike 0-1: Called Strike 0-2: Ball 1-2: Strikes out swinging
|
Batting: SHB Junzo Kato
|
0-0: Ball 1-0: Ground out 6-3 (Groundball, 6, EV 83.1 MPH)
|
Bottom of the 1st over - 0 runs, 0 hits, 0 errors, 0 left on base; Atlanta 3 - Milwaukee 0 |
TOP OF THE 2ND |
Atlanta Braves batting - Pitching for Milwaukee Brewers : LHP Danny Lawson
|
Batting: LHB Erik Gretzky
|
0-0: Foul Ball, location: 2F 0-1: Ball 1-1: Foul Ball, location: 2F 1-2: Ball 2-2: Ground out 4-3 (Groundball, 4, EV 83.8 MPH)
|
Batting: LHB Luis Magdaleno
|
0-0: Ball 1-0: Ground out 6-3 (Groundball, 6, EV 80.0 MPH)
|
Batting: RHB Tade Post
|
0-0: Called Strike 0-1: Called Strike 0-2: SINGLE (Line Drive, 4D, EV 99.4 MPH)
|
Batting: RHB J.J. Powers
|
0-0: Called Strike 0-1: Ball 1-1: Ball 2-1: 2-RUN HOME RUN (Flyball, 78XD, EV 97.5 MPH), Distance : 397 ft
|
Batting: RHB Kevin Howard
|
0-0: Ball 1-0: Ground out 6-3 (Groundball, 6MD, EV 78.1 MPH)
|
Top of the 2nd over - 2 runs, 2 hits, 0 errors, 0 left on base; Atlanta 5 - Milwaukee 0 |
BOTTOM OF THE 2ND |
Milwaukee Brewers batting - Pitching for Atlanta Braves : LHP Nolan Stefanski
|
Batting: RHB Dave Gonzalez
|
0-0: Ball 1-0: Ball 2-0: Ball 3-0: Base on Balls
|
Batting: RHB Daniel Donovan
|
0-0: Ball 1-0: Ball 2-0: Ball 3-0: Called Strike 3-1: Called Strike 3-2: Foul Ball, location: 2F 3-2: Base on Balls Dave Gonzalez to second
|
Batting: RHB Kisho Ito
|
0-0: Ball 1-0: Called Strike 1-1: Called Strike 1-2: Foul Ball, location: 2F 1-2: Foul Ball, location: 2F 1-2: Ball 2-2: Ball 3-2: Foul Ball, location: 2F 3-2: SINGLE (Line Drive, 9S, EV 104.4 MPH) Dave Gonzalez to third Daniel Donovan to second
|
Batting: RHB Ryan Neal
|
0-0: Ball 1-0: Called Strike 1-1: Called Strike 1-2: Ball 2-2: Foul Ball, location: 2F 2-2: Fielders Choice at 2nd, 5-4 (Groundball, 5S, EV 84.4 MPH) Dave Gonzalez scores Daniel Donovan to third
|
Batting: SHB Pat Wilson
|
0-0: Swinging Strike 0-1: Foul Ball, location: 2F 0-2: Ball 1-2: Ball 2-2: 3-RUN HOME RUN (Flyball, 7D, EV 98.1 MPH), Distance : 378 ft
|
Batting: RHB Colin Boddy
|
0-0: Ball 1-0: Foul Ball, location: 2F 1-1: Foul Ball, location: 2F 1-2: Strikes out swinging
|
Batting: RHB Akitada Nishizawa
|
0-0: Foul Ball, location: 2F 0-1: Ball 1-1: Fly out, F9 (Flyball, 89S, EV 96.2 MPH)
|
Bottom of the 2nd over - 4 runs, 2 hits, 0 errors, 0 left on base; Atlanta 5 - Milwaukee 4 |
TOP OF THE 3RD |
Atlanta Braves batting - Pitching for Milwaukee Brewers : LHP Danny Lawson
|
Batting: RHB David Casas
|
0-0: Ball 1-0: Swinging Strike 1-1: SINGLE (Line Drive, 6D, EV 100.0 MPH)
|
Batting: RHB Ike Trout
|
0-0: Called Strike 0-1: Ball 1-1: Ball 2-1: Ball 3-1: Foul Ball, location: 2F 3-2: Fly out, F9 (Flyball, 89S, EV 76.9 MPH)
|
Batting: RHB Xavier Davis
|
0-0: Called Strike 0-1: SINGLE (Flyball, 8LS, EV 90.6 MPH) David Casas to second
|
Pitching: RHP Cody Autry
|
|
Batting: RHB Erik Coleman
|
0-0: Foul Ball, location: 2F 0-1: Ball 1-1: Ground out 5-3 (Groundball, 56S, EV 73.1 MPH) David Casas to third Xavier Davis to second
|
Batting: LHB Erik Gretzky
|
0-0: Ball 1-0: Swinging Strike 1-1: Swinging Strike 1-2: Foul Ball, location: 2F 1-2: Foul Ball, location: 2F 1-2: Ball 2-2: Strikes out looking
|
Top of the 3rd over - 0 runs, 2 hits, 0 errors, 2 left on base; Atlanta 5 - Milwaukee 4 |
BOTTOM OF THE 3RD |
Milwaukee Brewers batting - Pitching for Atlanta Braves : LHP Nolan Stefanski
|
Batting: LHB Eric Klasek
|
0-0: Called Strike 0-1: Ball 1-1: Swinging Strike 1-2: Ball 2-2: Foul Ball, location: 2F 2-2: Foul Ball, location: 2F 2-2: Foul Ball, location: 2F 2-2: Foul Ball, location: 2F 2-2: Foul Ball, location: 2F 2-2: Foul Ball, location: 2F 2-2: Foul Ball, location: 2F 2-2: Ball 3-2: Strikes out swinging
|
Batting: SHB Junzo Kato
|
0-0: Ball 1-0: Called Strike 1-1: Ball 2-1: Foul Ball, location: 2F 2-2: Strikes out swinging
|
Batting: RHB Dave Gonzalez
|
0-0: Ball 1-0: Ball 2-0: Called Strike 2-1: Called Strike 2-2: Strikes out swinging
|
Bottom of the 3rd over - 0 runs, 0 hits, 0 errors, 0 left on base; Atlanta 5 - Milwaukee 4 |
TOP OF THE 4TH |
Atlanta Braves batting - Pitching for Milwaukee Brewers : RHP Cody Autry
|
Batting: LHB Luis Magdaleno
|
0-0: Ball 1-0: Ball 2-0: Foul Ball, location: 2F 2-1: Ball 3-1: Called Strike 3-2: DOUBLE (Line Drive, 78XD, EV 100.6 MPH)
|
Batting: RHB Tade Post
|
0-0: Ball 1-0: DOUBLE (Line Drive, 8LXD, EV 107.5 MPH) Luis Magdaleno scores
|
Batting: RHB J.J. Powers
|
0-0: SINGLE (Groundball, 4MD, EV 103.8 MPH) (infield hit) Tade Post to third
|
Batting: RHB Kevin Howard
|
0-0: Ball 1-0: Called Strike 1-1: Foul Ball, location: 2F 1-2: Strikes out looking
|
Batting: RHB David Casas
|
0-0: Called Strike J.J. Powers steals 2nd base 0-1: Foul Ball, location: 2F 0-2: Foul Ball, location: 2F 0-2: Ball 1-2: Ball 2-2: Ball 3-2: SINGLE (Groundball, 56D, EV 95.0 MPH) Tade Post scores J.J. Powers to third Runner from 3rd tries for Home, throw by LF and OUT! 7-2 David Casas to second
|
Batting: RHB Ike Trout
|
0-0: Called Strike 0-1: Called Strike 0-2: Ball 1-2: 2-RUN HOME RUN (Flyball, 78XD, EV 115.0 MPH), Distance : 462 ft
|
Pitching: LHP Jamie Blake
|
|
Batting: RHB Xavier Davis
|
0-0: Called Strike 0-1: Ball 1-1: Ball 2-1: Fly out, F7 (Flyball, 78M, EV 88.8 MPH)
|
Top of the 4th over - 4 runs, 5 hits, 0 errors, 0 left on base; Atlanta 9 - Milwaukee 4 |
BOTTOM OF THE 4TH |
Milwaukee Brewers batting - Pitching for Atlanta Braves : LHP Nolan Stefanski
|
Batting: RHB Daniel Donovan
|
0-0: Called Strike 0-1: Ball 1-1: Called Strike 1-2: Ball 2-2: Strikes out swinging
|
Batting: RHB Kisho Ito
|
0-0: Ball 1-0: Ball 2-0: Swinging Strike 2-1: Foul Ball, location: 2F 2-2: Ball 3-2: Base on Balls
|
Batting: RHB Ryan Neal
|
0-0: Ball 1-0: Foul Ball, location: 2F 1-1: Ball 2-1: Ball 3-1: Base on Balls Kisho Ito to second
|
Batting: SHB Pat Wilson
|
0-0: Ball 1-0: Ball 2-0: Ball 3-0: Base on Balls Kisho Ito to third Ryan Neal to second
|
Batting: RHB Colin Boddy
|
0-0: Ball 1-0: Ball 2-0: Ball Wild Pitch! Kisho Ito scores Ryan Neal to third Pat Wilson to second 3-0: Fly out, F7 (Flyball, 7LSF, EV 96.2 MPH) Runner from 3rd tags up, SCORES, throw by LF
|
Pitching: RHP Kevin Cushman
|
|
Batting: RHB Akitada Nishizawa
|
0-0: Called Strike 0-1: SINGLE (Groundball, 4D, EV 104.4 MPH) Pat Wilson to third Runner from 3rd tries for Home, SAFE, throw by RF to home
|
Batting: LHB Eric Klasek
|
0-0: Called Strike 0-1: Ball 1-1: Ball 2-1: Swinging Strike 2-2: Ball 3-2: Strikes out swinging
|
Bottom of the 4th over - 3 runs, 1 hit, 0 errors, 1 left on base; Atlanta 9 - Milwaukee 7 |
TOP OF THE 5TH |
Atlanta Braves batting - Pitching for Milwaukee Brewers : LHP Jamie Blake
|
Batting: RHB Erik Coleman
|
0-0: Ball 1-0: Foul Ball, location: 2F 1-1: Fly out, F9 (Line Drive, 9S, EV 93.1 MPH)
|
Batting: LHB Erik Gretzky
|
0-0: Ball 1-0: Ball 2-0: Called Strike 2-1: Ball 3-1: Ground out U3 (Groundball, 34, EV 81.2 MPH)
|
Batting: LHB Luis Magdaleno
|
0-0: Swinging Strike 0-1: Called Strike 0-2: Ball 1-2: Foul Ball, location: 2F 1-2: Foul Ball, location: 2F 1-2: Fly out, F8 (Flyball, 8RS, EV 90.6 MPH)
|
Top of the 5th over - 0 runs, 0 hits, 0 errors, 0 left on base; Atlanta 9 - Milwaukee 7 |
BOTTOM OF THE 5TH |
Milwaukee Brewers batting - Pitching for Atlanta Braves : RHP Kevin Cushman
|
Batting: SHB Junzo Kato
|
0-0: Called Strike 0-1: Ground out 6-3 (Groundball, 56, EV 91.9 MPH)
|
Batting: RHB Dave Gonzalez
|
0-0: Foul Ball, location: 2F 0-1: SINGLE (Flyball, 56D, EV 91.9 MPH)
|
Batting: RHB Daniel Donovan
|
0-0: Foul Ball, location: 2F 0-1: Foul Ball, location: 2F 0-2: Ball 1-2: Ball 2-2: Ball 3-2: SINGLE (Line Drive, 6MD, EV 94.4 MPH) Dave Gonzalez to second
|
Batting: RHB Kisho Ito
|
0-0: Ball 1-0: Foul Ball, location: 2F 1-1: Called Strike 1-2: Ball 2-2: DOUBLE (Line Drive, 7LS, EV 104.4 MPH) Dave Gonzalez scores Daniel Donovan to third
|
Batting: RHB Ryan Neal
|
0-0: Foul Ball, location: 2F 0-1: Foul Ball, location: 2F 0-2: Ball 1-2: Strikes out swinging
|
Batting: SHB Pat Wilson
|
0-0: Ground out 5-3 (Groundball, 6, EV 104.4 MPH)
|
Bottom of the 5th over - 1 run, 3 hits, 0 errors, 2 left on base; Atlanta 9 - Milwaukee 8 |
TOP OF THE 6TH |
Atlanta Braves batting - Pitching for Milwaukee Brewers : LHP Jamie Blake
|
Batting: RHB Tade Post
|
0-0: Foul Ball, location: 2F 0-1: Foul Ball, location: 2F 0-2: Strikes out swinging
|
Batting: RHB J.J. Powers
|
0-0: Ball 1-0: Ball 2-0: DOUBLE (Groundball, 5L, EV 101.2 MPH)
|
Batting: RHB Kevin Howard
|
0-0: Ball 1-0: Ball 2-0: Ball 3-0: Base on Balls
|
Batting: RHB David Casas
|
0-0: Called Strike 0-1: Called Strike 0-2: Ball 1-2: Ball 2-2: Foul Ball, location: 2F 2-2: Ball 3-2: Base on Balls J.J. Powers to third Kevin Howard to second
|
Pitching: RHP Mekonen Mahfudh
|
|
Batting: RHB Ike Trout
|
0-0: Grounds into double play, 6-4-3 (Groundball, 56, EV 91.2 MPH)
|
Top of the 6th over - 0 runs, 1 hit, 0 errors, 2 left on base; Atlanta 9 - Milwaukee 8 |
BOTTOM OF THE 6TH |
Milwaukee Brewers batting - Pitching for Atlanta Braves : RHP Kevin Cushman
|
Batting: RHB Colin Boddy
|
0-0: Ball 1-0: Ball 2-0: Called Strike 2-1: Ball 3-1: Foul Ball, location: 2F 3-2: Strikes out swinging
|
Batting: RHB Akitada Nishizawa
|
0-0: SINGLE (Groundball, 34D, EV 99.4 MPH)
|
Batting: LHB Eric Klasek
|
0-0: Foul Ball, location: 2F 0-1: Ball 1-1: Called Strike 1-2: Strikes out swinging
|
Batting: SHB Junzo Kato
|
0-0: Called Strike 0-1: Ball 1-1: Ball 2-1: Ground out 4-3 (Groundball, 34S, EV 80.0 MPH)
|
Bottom of the 6th over - 0 runs, 1 hit, 0 errors, 1 left on base; Atlanta 9 - Milwaukee 8 |
TOP OF THE 7TH |
Atlanta Braves batting - Pitching for Milwaukee Brewers : RHP Mekonen Mahfudh
|
Batting: RHB Xavier Davis
|
0-0: Ball 1-0: SOLO HOME RUN (Flyball, 9D, EV 100.0 MPH), Distance : 379 ft
|
Batting: RHB Erik Coleman
|
0-0: Ball 1-0: Called Strike 1-1: Ball 2-1: Swinging Strike 2-2: Foul Ball, location: 2F 2-2: Foul Ball, location: 2F 2-2: Fly out, F7 (Line Drive, 7LM, EV 90.6 MPH)
|
Batting: LHB Erik Gretzky
|
0-0: Called Strike 0-1: Ball 1-1: Foul Ball, location: 2F 1-2: Foul Ball, location: 2F 1-2: Ball 2-2: DOUBLE (Line Drive, 78D, EV 99.4 MPH)
|
Batting: LHB Luis Magdaleno
|
0-0: Intentional Walk
|
Batting: RHB Tade Post
|
0-0: Swinging Strike 0-1: Called Strike 0-2: Foul Ball, location: 2F 0-2: Ball 1-2: Foul Ball, location: 2F 1-2: Ball 2-2: Ball 3-2: SINGLE (Groundball, 56S, EV 70.0 MPH) (infield hit) Erik Gretzky to third Luis Magdaleno to second
|
Batting: RHB J.J. Powers
|
0-0: Foul Ball, location: 2F 0-1: Foul Ball, location: 2F 0-2: Ball 1-2: Foul Ball, location: 2F 1-2: Ball 2-2: Fly out, F9 (Flyball, 9S, EV 72.5 MPH)
|
Batting: RHB Kevin Howard
|
0-0: Called Strike 0-1: Ball 1-1: Ball 2-1: Foul Ball, location: 2F 2-2: Ball 3-2: Strikes out looking
|
Top of the 7th over - 1 run, 3 hits, 0 errors, 3 left on base; Atlanta 10 - Milwaukee 8 |
BOTTOM OF THE 7TH |
Milwaukee Brewers batting - Pitching for Atlanta Braves : RHP Kevin Cushman
|
Pitching: LHP Shingo Miura
|
|
Batting: RHB Dave Gonzalez
|
0-0: Called Strike 0-1: Foul Ball, location: 2F 0-2: Ball 1-2: Ball 2-2: Strikes out swinging
|
Batting: RHB Daniel Donovan
|
0-0: Ball 1-0: Ball 2-0: Foul Ball, location: 2F 2-1: Called Strike 2-2: Strikes out swinging
|
Batting: RHB Kisho Ito
|
0-0: Ball 1-0: Ball 2-0: Ball 3-0: Base on Balls
|
Batting: RHB Ryan Neal
|
0-0: Called Strike 0-1: Ball Kisho Ito steals 2nd base (no throw) 1-1: Foul Ball, location: 2F 1-2: SINGLE (Flyball, 8RS, EV 85.6 MPH) Kisho Ito to third Runner from 3rd tries for Home, throw by CF and OUT! 8-2
|
Bottom of the 7th over - 0 runs, 1 hit, 0 errors, 1 left on base; Atlanta 10 - Milwaukee 8 |
TOP OF THE 8TH |
Atlanta Braves batting - Pitching for Milwaukee Brewers : RHP Mekonen Mahfudh
|
Pitching: LHP Nick Martin
|
|
Batting: RHB David Casas
|
0-0: Called Strike 0-1: Fly out, F9 (Flyball, 9, EV 83.8 MPH)
|
Batting: RHB Ike Trout
|
0-0: Ball 1-0: Ball 2-0: Ball 3-0: Base on Balls
|
Batting: RHB Xavier Davis
|
0-0: Foul Ball, location: 2F 0-1: Ball 1-1: Foul Ball, location: 2F 1-2: Foul Ball, location: 2F 1-2: Foul Ball, location: 2F 1-2: Strikes out swinging
|
Batting: RHB Erik Coleman
|
0-0: Ball 1-0: Fielders Choice at 2nd, 6-4 (Groundball, 56, EV 79.4 MPH)
|
Top of the 8th over - 0 runs, 0 hits, 0 errors, 1 left on base; Atlanta 10 - Milwaukee 8 |
BOTTOM OF THE 8TH |
Milwaukee Brewers batting - Pitching for Atlanta Braves : LHP Shingo Miura
|
Pitching: RHP Greg Hart
|
|
Batting: SHB Pat Wilson
|
0-0: Swinging Strike 0-1: Swinging Strike 0-2: Ball 1-2: Strikes out looking
|
Batting: RHB Colin Boddy
|
0-0: Ball 1-0: Called Strike 1-1: Called Strike 1-2: Foul Ball, location: 2F 1-2: Ball 2-2: Foul Ball, location: 2F 2-2: Foul Ball, location: 2F 2-2: Ball 3-2: Strikes out swinging
|
Pinch Hitting: SHB Lewis Thorpe Jr.
|
0-0: Called Strike 0-1: Ball 1-1: Foul Ball, location: 2F 1-2: Ball 2-2: Ground out 6-3 (Groundball, 6S, EV 76.9 MPH)
|
Bottom of the 8th over - 0 runs, 0 hits, 0 errors, 0 left on base; Atlanta 10 - Milwaukee 8 |
TOP OF THE 9TH |
Atlanta Braves batting - Pitching for Milwaukee Brewers : LHP Nick Martin
|
Now in CF: Lewis Thorpe Jr.
|
|
Now in RF: Pat Wilson
|
|
Batting: LHB Erik Gretzky
|
0-0: Called Strike 0-1: Ball 1-1: Ball 2-1: Ground out 4-3 (Groundball, 4M, EV 95.6 MPH)
|
Batting: LHB Luis Magdaleno
|
0-0: Called Strike 0-1: Ball 1-1: Foul Ball, location: 2F 1-2: Ball 2-2: SINGLE (Groundball, 6, EV 100.6 MPH)
|
Pitching: RHP Javy Uribe
|
|
Batting: RHB Tade Post
|
0-0: Ball 1-0: Ball 2-0: Grounds into double play, 5-4-3 (Groundball, 56, EV 83.8 MPH)
|
Top of the 9th over - 0 runs, 1 hit, 0 errors, 0 left on base; Atlanta 10 - Milwaukee 8 |
BOTTOM OF THE 9TH |
Milwaukee Brewers batting - Pitching for Atlanta Braves : RHP Greg Hart
|
Pitching: RHP Victor Munoz
|
|
Batting: LHB Eric Klasek
|
0-0: SINGLE (Groundball, 34D, EV 76.9 MPH) (infield hit)
|
Batting: SHB Junzo Kato
|
0-0: Ball 1-0: Foul Ball, location: 2F 1-1: Called Strike 1-2: Ball 2-2: Strikes out swinging
|
Batting: RHB Dave Gonzalez
|
0-0: Called Strike 0-1: Ball 1-1: Foul Ball, location: 2F 1-2: Foul Ball, location: 2F 1-2: Strikes out looking
|
Batting: RHB Daniel Donovan
|
0-0: SINGLE (Groundball, 5S, EV 70.6 MPH) (infield hit) Eric Klasek to second
|
Batting: RHB Kisho Ito
|
0-0: Ball 1-0: Ball 2-0: Ball 3-0: Fly out, F3 (Line Drive, 3, EV 71.2 MPH)
|
Bottom of the 9th over - 0 runs, 2 hits, 0 errors, 2 left on base; Atlanta 10 - Milwaukee 8 |
|